 Dungeon Sprint DCSS version 0.17-a0-1650-gce8475a (webtiles) character file.

103753 Kidiri the Imperceptible (level 15, 0/58 (63) HPs)
             Began as a Spriggan Enchanter on Aug 13, 2015.
             Was the Champion of Dithmenos.
             Slain by a blue devil (20 damage)
             ... summoned by a greater mummy
             ... while paralysed by the power of Zot
             ... in the Dungeon (Sprint III: "The Ten Rune Challenge").
             The game lasted 00:47:25 (9979 turns).

Kidiri the Imperceptible (Spriggan Enchanter)       Turns: 9979, Time: 00:47:25

HP:   0/58 (63)     AC:  1    Str:  4    XL:     15   Next: 10%
MP:   5/40          EV:  4    Int: 20    God:    Dithmenos [******]
Gold: 3269          SH:  0    Dex: 20    Spells: 11 memorised, 7 levels left

rFire  + . .     SeeInvis +     p - +7 quick blade
rCold  . . .     Clarity  +     x - +1 robe {rF+}
rNeg   . . .     SustAt   +     (shield restricted)
rPois  .         Gourm    .     k - +2 hat
rElec  .         Spirit   .     (no cloak)
rCorr  .         Warding  .     (gloves unavailable)
rMut   .         NoTele   +     (boots unavailable)
MR     +++..                    (no amulet)
Stlth  ++++++++++               (no ring)
                                d - ring of sustain attributes

@: paralysed, corroded equipment, non-regenerating, diseased, slowed, wreathed
by umbra, deflect missiles, very quick, extremely resistant to hostile
enchantments, uncannily stealthy
A: unfitting armour, antennae 1, see invisible, clarity, herbivore 3, speed 3,
magic resistance 1, slow metabolism 2, spit poison 1
a: Spit Poison, Shadow Step, Shadow Form, Renounce Religion
}: 2/10 runes: decaying, serpentine


You were in the Dungeon.
You worshipped Dithmenos.
Dithmenos was exalted by your worship.
You were full.

You visited 1 branch You collected 4093 gold pieces.
You spent 824 gold pieces at shops.

Inventory:

Hand weapons
 p - a +7 quick blade (weapon)
Missiles
 t - 12 throwing nets (quivered)
Armour
 h - the +1 robe of Ygaclecs {rF+ Dex-2 Slay+2}
   (You bought it in a shop in the Dungeon)

   It affects your dexterity (-2).
   It affects your accuracy and damage with ranged weapons and melee attacks
   (+2).
   It protects you from fire.
 k - a +2 hat (worn)
 x - a +1 robe of fire resistance (worn)
Jewellery
 d - a ring of sustain attributes (left hand)
Magical devices
 c - a wand of invisibility (1)
 i - a wand of digging (5)
Scrolls
 j - a scroll of blinking
 l - a scroll of amnesia
 q - a scroll of remove curse
Potions
 b - 2 potions of heal wounds
 e - a potion of berserk rage
 f - a potion of might
 g - a potion of haste
 m - a potion of brilliance
 n - 4 potions of cure mutation
 o - 4 potions of flight
 s - a potion of curing
 u - a potion of agility
 v - 2 potions of invisibility
Comestibles
 a - a fruit
 r - 28 royal jellies


   Skills:
 + Level 14.0 Short Blades
 * Level 23.5 Dodging
 * Level 25.2 Stealth
 * Level 20.4 Spellcasting
 + Level 9.8 Conjurations
 + Level 15.3 Hexes
 + Level 15.0 Charms
 + Level 10.1 Summonings
 + Level 11.0 Ice Magic
 + Level 11.0 Air Magic
 - Level 1.5 Invocations


You had 7 spell levels left.
You knew the following spells:

 Your Spells              Type           Power        Failure   Level  Hunger
a - Corona                Hex            ######.      0%          1    None
b - Ensorcelled Hibernat  Hex/Ice        ######       0%          2    None
c - Confuse               Hex            ######..     0%          3    None
d - Tukima's Dance        Hex            ######..     0%          3    None
e - Dazzling Spray        Conj/Hex       ######..     1%          3    None
f - Invisibility          Hex            ######..     1%          6    ####...
g - Airstrike             Air            ######....   1%          4    None
h - Summon Lightning Spi  Summ/Air       ######..     1%          4    None
i - Deflect Missiles      Chrm/Air       ######....   1%          6    ####...
j - Conjure Ball Lightni  Conj/Air       ######....   6%          6    ####...
k - Tornado               Air            ######....   100%        9    #######


Dungeon Overview and Level Annotations

Branches:
Dungeon (1/1)

Altars:
Cheibriados
Dithmenos
Elyvilon
Fedhas
Gozag
Kikubaaqudgha
Makhleb
Nemelex Xobeh
Okawaru
Qazlal
Ru
Sif Muna
Trog
Vehumet
Xom
Yredelemnul
Zin
The Shining One
Jiyva
Lugonu

Shops:
D %:(!=[?


Innate Abilities, Weirdness & Mutations

You are tiny and cannot use many weapons and most armour.
You have supernaturally acute eyesight.
You are a herbivore.
You cover ground extremely quickly.
You need consume almost no food.
You have a pair of small antennae on your head.
You possess an exceptional clarity of mind.
You are resistant to hostile enchantments.
You can spit weak poison.


Message History

A poisoned needle hits the emperor scorpion, but does no damage!
You found a Zot trap!
The greater mummy mumbles some strange words.
The greater mummy casts a spell.
The blue devil disappears in a puff of smoke!
A huge blade swings out and slices into the guardian mummy!
The guardian mummy is almost destroyed.
You found a bolt trap!
The blue devil swoops through the air toward you!
The blue devil completely misses you.
The power of Zot is invoked against you!
You suddenly lose the ability to move!
You hear a distant "Zot"!
A poisoned needle hits the guardian mummy, but does no damage!
The chaos spawn fails to trigger a blade trap.
The blue devil hits you but does no damage.
The rust devil hits you. The rust devil corrodes you!
A poisoned needle hits the chaos spawn, but does no damage!
The blue devil hits you!!
You die...

{▓.^#....^....^..^.#
▓..#..^^.......^..#
▓..#.^##########..#
▓..#.^#s....M|?#.^#
▓..#..#s.MM.[[)#..#
▓..#..#M§M.M:M)#^.#
▓..#..#M§{{Mφ::#..#
▓^.#..#'########..#
{▓..#..#...3M.s4@4^#
{▓..'..#..^M.M...^^#
▓##################


You could see 2 greater mummies, an emperor scorpion, a guardian mummy, a rust
devil, a blue devil and a chaos spawn.

Vanquished Creatures
  the Lernaean hydra (D)
  Norris (D)
  Rupert (D)
  2 liches (D)
  2 sphinxes (D)
  Gastronok (D)
  Harold (D)
  Chuck (D)
  4 azure jellies (D)
  A greater naga (D)
  Maud (D)
  2 dire elephants (D)
  5 mummy priests (D)
  Erolcha (D)
  A yaktaur captain (D)
  A fire dragon (D)
  A naga warrior (D)
  3 hydras (D)
  A centaur warrior (D)
  4 anacondas (D)
  4 dancing weapons (D)
  4 death yaks (D)
  4 orc high priests (D)
  4 hell knights (D)
  An iron golem (D)
  2 deep elf knights (D)
  A skeletal warrior (D)
  A sea snake (shapeshifter) (D)
  A deep elf summoner (D)
  A spriggan druid (D)
  4 swamp dragons (D)
  A death drake (D)
  A lindwurm (D)
  Joseph (D)
  An orc knight (D)
  A manticore (shapeshifter) (D)
  2 ugly things (D)
  6 black mambas (D)
  An elephant (shapeshifter) (D)
  2 elephants (D)
  A guardian serpent (D)
  2 spiny frogs (D)
  A komodo dragon (D)
  A queen bee (D)
  A fire drake (D)
  3 deep elf priests (D)
  9 guardian mummies (D)
  4 spriggan defenders (D)
  3 wandering mushrooms (D)
  2 trapdoor spiders (D)
  8 blink frogs (D)
  4 slime creatures (D)
  2 spriggans (D)
  A shadow (D)
  4 redbacks (D)
  2 hill giants (D)
  A spatial vortex (D)
  2 nagas (D)
  2 orc warriors (D)
  3 swamp drakes (D)
  2 water moccasins (D)
  A necrophage (D)
  2 brain worms (D)
  3 two-headed ogres (D)
  A water elemental (D)
  32 killer bees (D)
  An electric eel (D)
  A jelly (D)
  5 orc priests (D)
  2 necromancers (D)
  A wizard (D)
  A kobold demonologist (D)
  3 humans (D)
  2 adders (D)
  2 oozes (D)
  A phantom (D)
  10 orcs (D)
  2 rats (D)
  3 plants (D)
209 creatures vanquished.

Vanquished Creatures (others)
  2 draconian scorchers (D)
  Nessos (D)
  3 yaktaurs (D)
  A bush (D)
  7 plants (D)
14 creatures vanquished.

Grand Total: 223 creatures vanquished

Notes
Turn   | Place    | Note
--------------------------------------------------------------
     0 | D        | Kidiri the Spriggan Enchanter began the quest for the Orb.
     0 | D        | Reached XP level 1. HP: 9/9 MP: 5/5
     4 | D        | Reached skill level 5 in Stealth
     7 | D        | Reached XP level 2. HP: 13/13 MP: 5/7
    11 | D        | Learned a level 2 spell: Ensorcelled Hibernation
    82 | D        | Reached skill level 5 in Dodging
    82 | D        | Reached skill level 6 in Stealth
    82 | D        | Reached skill level 1 in Ice Magic
    82 | D        | Reached XP level 3. HP: 9/16 MP: 3/9
   166 | D        | Learned a level 3 spell: Confuse
   168 | D        | Killed a yaktaur
   170 | D        | Learned a level 3 spell: Tukima's Dance
   170 | D        | Killed a white draconian scorcher
   194 | D        | Killed a white draconian scorcher
   355 | D        | Gained mutation: You possess an exceptional clarity of mind. [potion of mutation]
   355 | D        | Gained mutation: You can spit weak poison. [potion of mutation]
   356 | D        | Gained mutation: You are resistant to hostile enchantments. [potion of mutation]
   356 | D        | Gained mutation: You have a pair of small antennae on your head. [potion of mutation]
   389 | D        | Noticed a water elemental
   401 | D        | Killed a water elemental
   401 | D        | Reached skill level 7 in Stealth
   401 | D        | Reached skill level 5 in Spellcasting
   401 | D        | Reached skill level 5 in Hexes
   401 | D        | Reached XP level 4. HP: 3/21 MP: 9/12
   659 | D        | Learned a level 3 spell: Dazzling Spray
   698 | D        | Noticed a jelly
   699 | D        | Noticed a shadow
   701 | D        | Killed a shadow
   701 | D        | Reached skill level 8 in Dodging
   701 | D        | Reached skill level 9 in Stealth
   701 | D        | Reached skill level 1 in Conjurations
   701 | D        | Reached XP level 5. HP: 24/24 MP: 12/15
   705 | D        | Killed a jelly
   705 | D        | Reached XP level 6. HP: 28/28 MP: 13/17
   710 | D        | Found a stormy altar of Qazlal.
   711 | D        | Found a sacrificial altar of Ru.
   711 | D        | Found a burning altar of Makhleb.
   711 | D        | Found a viscous altar of Jiyva.
   711 | D        | Found a shimmering altar of Xom.
   711 | D        | Found a shadowy altar of Dithmenos.
   711 | D        | Found a sparkling altar of Nemelex Xobeh.
   711 | D        | Found a corrupted altar of Lugonu.
   711 | D        | Found an opulent altar of Gozag.
   711 | D        | Noticed a spatial vortex
   715 | D        | Became a worshipper of Dithmenos the Shadowed
   716 | D        | Killed a spatial vortex
   716 | D        | Reached skill level 10 in Stealth
   716 | D        | Reached skill level 1 in Invocations
   748 | D        | Found a radiant altar of Vehumet.
   749 | D        | Found a deep blue altar of Sif Muna.
   749 | D        | Found an ancient bone altar of Kikubaaqudgha.
   749 | D        | Noticed a wizard
   750 | D        | Killed a wizard
   750 | D        | Reached skill level 5 in Short Blades
   766 | D        | Learned a level 6 spell: Invisibility
   868 | D        | Found a glowing silver altar of Zin.
   869 | D        | Found a glowing golden altar of the Shining One.
   869 | D        | Found a white marble altar of Elyvilon.
   869 | D        | Noticed a deep elf priest
   871 | D        | Killed a deep elf priest
   871 | D        | Reached skill level 10 in Dodging
   871 | D        | Reached skill level 11 in Stealth
   871 | D        | Reached XP level 7. HP: 32/32 MP: 18/20
   882 | D        | Found an iron altar of Okawaru.
   883 | D        | Found a bloodstained altar of Trog.
   883 | D        | Noticed a human
   883 | D        | Noticed a human
   885 | D        | Killed a human
   885 | D        | Reached skill level 12 in Stealth
   886 | D        | Killed a human
   907 | D        | Learned a level 4 spell: Airstrike
   910 | D        | Found a snail-covered altar of Cheibriados.
   910 | D        | Noticed a necrophage
   911 | D        | Found a basalt altar of Yredelemnul.
   911 | D        | Found a blossoming altar of Fedhas.
   911 | D        | Noticed a necromancer
   912 | D        | Killed a necrophage
   912 | D        | Acquired Dithmenos's first power
   912 | D        | Reached XP level 8. HP: 36/36 MP: 22/22
   913 | D        | Killed a necromancer
   913 | D        | Reached skill level 10 in Spellcasting
   932 | D        | Noticed a two-headed ogre
   932 | D        | Noticed a two-headed ogre
   938 | D        | Killed a two-headed ogre
   938 | D        | Reached skill level 1 in Air Magic
   940 | D        | Killed a two-headed ogre
   942 | D        | Noticed a two-headed ogre
   944 | D        | Killed a two-headed ogre
   944 | D        | Acquired Dithmenos's second power
   944 | D        | Reached skill level 13 in Stealth
   975 | D        | Noticed a hill giant
   978 | D        | Killed a hill giant
   986 | D        | Learned a level 4 spell: Summon Lightning Spire
   990 | D        | Noticed a hill giant
   990 | D        | Noticed Erolcha
   992 | D        | Killed Erolcha
   992 | D        | Reached skill level 14 in Stealth
   992 | D        | Reached skill level 1 in Summonings
   992 | D        | Reached skill level 5 in Ice Magic
   992 | D        | Reached XP level 9. HP: 39/39 MP: 23/25
   993 | D        | Killed a hill giant
  1015 | D        | Noticed a redback
  1019 | D        | Killed a redback
  1035 | D        | Noticed a trapdoor spider
  1038 | D        | Killed a trapdoor spider
  1038 | D        | Acquired Dithmenos's third power
  1056 | D        | Noticed a trapdoor spider
  1060 | D        | Killed a trapdoor spider
  1118 | D        | Noticed a queen bee
  1118 | D        | Noticed a killer bee
  1118 | D        | Noticed a killer bee
  1118 | D        | Noticed a killer bee
  1118 | D        | Noticed a killer bee
  1118 | D        | Noticed a killer bee
  1118 | D        | Noticed a killer bee
  1118 | D        | Noticed a killer bee
  1118 | D        | Noticed a killer bee
  1118 | D        | Noticed a killer bee
  1118 | D        | Noticed a killer bee
  1118 | D        | Noticed a killer bee
  1118 | D        | Noticed a killer bee
  1118 | D        | Noticed a killer bee
  1118 | D        | Noticed a killer bee
  1119 | D        | Noticed a killer bee
  1119 | D        | Noticed a killer bee
  1119 | D        | Noticed a killer bee
  1119 | D        | Noticed a killer bee
  1119 | D        | Noticed a killer bee
  1119 | D        | Noticed a killer bee
  1119 | D        | Noticed a killer bee
  1119 | D        | Noticed a killer bee
  1119 | D        | Noticed a killer bee
  1119 | D        | Noticed a killer bee
  1119 | D        | Noticed a killer bee
  1119 | D        | Noticed a killer bee
  1119 | D        | Noticed a killer bee
  1119 | D        | Noticed a killer bee
  1119 | D        | Noticed a killer bee
  1119 | D        | Noticed a killer bee
  1119 | D        | Noticed a killer bee
  1119 | D        | Noticed a killer bee
  1120 | D        | Killed a queen bee
  1121 | D        | Killed a killer bee
  1124 | D        | Killed a killer bee
  1128 | D        | Killed a killer bee
  1128 | D        | Acquired Dithmenos's fourth power
  1130 | D        | Killed a killer bee
  1134 | D        | Killed a killer bee
  1136 | D        | Killed a killer bee
  1138 | D        | Killed a killer bee
  1141 | D        | Killed a killer bee
  1141 | D        | Reached skill level 15 in Stealth
  1336 | D        | Killed a killer bee
  1338 | D        | Killed a killer bee
  1340 | D        | Killed a killer bee
  1342 | D        | Killed a killer bee
  1345 | D        | Killed a killer bee
  1352 | D        | Killed a killer bee
  1373 | D        | Killed a killer bee
  1602 | D        | Killed a killer bee
  1606 | D        | Killed a killer bee
  1608 | D        | Killed a killer bee
  1614 | D        | Killed a killer bee
  1616 | D        | Killed a killer bee
  1619 | D        | Killed a killer bee
  1625 | D        | Killed a killer bee
  1625 | D        | Reached skill level 5 in Conjurations
  1625 | D        | Reached XP level 10. HP: 33/44 MP: 11/27
  1633 | D        | Learned a level 6 spell: Deflect Missiles
  1663 | D        | Killed a killer bee
  1670 | D        | Killed a killer bee
  1675 | D        | Killed a killer bee
  1691 | D        | Killed a killer bee
  1733 | D        | Killed a killer bee
  1740 | D        | Killed a killer bee
  1743 | D        | Killed a killer bee
  1743 | D        | Reached skill level 1 in Charms
  1814 | D        | Killed a killer bee
  1853 | D        | Killed a killer bee
  1854 | D        | Killed a killer bee
  2032 | D        | Noticed a wandering mushroom
  2033 | D        | Noticed a wandering mushroom
  2033 | D        | Noticed a wandering mushroom
  2042 | D        | Killed a wandering mushroom
  2043 | D        | Killed a wandering mushroom
  2044 | D        | Killed a wandering mushroom
  2112 | D        | Noticed a spiny frog
  2112 | D        | Noticed a komodo dragon
  2112 | D        | Noticed a spiny frog
  2115 | D        | Killed a spiny frog
  2115 | D        | Reached skill level 16 in Stealth
  2117 | D        | Killed a spiny frog
  2117 | D        | Reached skill level 15 in Dodging
  2117 | D        | Reached skill level 10 in Hexes
  2122 | D        | Killed a komodo dragon
  2269 | D        | Noticed a redback
  2271 | D        | Killed a redback
  2272 | D        | Noticed a brain worm
  2275 | D        | Killed a brain worm
  2278 | D        | Noticed a brain worm
  2280 | D        | Killed a brain worm
  2283 | D        | Noticed a lindwurm
  2285 | D        | Noticed a redback
  2286 | D        | Killed a lindwurm
  2286 | D        | Reached skill level 5 in Air Magic
  2288 | D        | Killed a redback
  2294 | D        | Noticed a redback
  2295 | D        | Killed a redback
  2296 | D        | Noticed Maud
  2298 | D        | Killed Maud
  2298 | D        | Reached skill level 17 in Stealth
  2298 | D        | Reached skill level 5 in Charms
  2298 | D        | Reached XP level 11. HP: 47/47 MP: 29/29
  2325 | D        | Noticed a swamp drake
  2325 | D        | Noticed a fire drake
  2326 | D        | Killed a fire drake
  2328 | D        | Killed a swamp drake
  2344 | D        | Noticed a blink frog
  2345 | D        | Noticed a blink frog
  2345 | D        | Noticed a blink frog
  2345 | D        | Noticed a blink frog
  2345 | D        | Noticed a blink frog
  2346 | D        | Killed a blink frog
  2357 | D        | Killed a blink frog
  2359 | D        | Killed a blink frog
  2360 | D        | Killed a blink frog
  2360 | D        | Reached skill level 5 in Summonings
  2371 | D        | Killed a blink frog
  2532 | D        | Noticed Rupert
  2933 | D        | Killed Rupert
  2933 | D        | Reached skill level 18 in Stealth
  2998 | D        | Killed a yaktaur
  3099 | D        | Learned a level 6 spell: Conjure Ball Lightning
  3100 | D        | Noticed a death yak
  3151 | D        | Noticed a death yak
  3151 | D        | Noticed a blink frog
  3152 | D        | Noticed an azure jelly
  3152 | D        | Noticed a death yak
  3152 | D        | Noticed an azure jelly
  3152 | D        | Noticed a blink frog
  3152 | D        | Noticed a death yak
  3153 | D        | Noticed a blink frog
  3170 | D        | Killed a blink frog
  3309 | D        | Noticed a black mamba
  3310 | D        | Noticed a black mamba
  3321 | D        | Killed a blink frog
  3335 | D        | Killed a black mamba
  3354 | D        | Killed a death yak
  3569 | D        | Killed a blink frog
  3569 | D        | Reached skill level 10 in Short Blades
  3573 | D        | Killed a death yak
  3813 | D        | Killed a death yak
  4208 | D        | Killed a black mamba
  4240 | D        | Killed a death yak
  4240 | D        | Reached skill level 15 in Spellcasting
  4428 | D        | Noticed a swamp drake
  4430 | D        | Killed a swamp drake
  4433 | D        | Noticed a swamp dragon
  4433 | D        | Noticed a swamp drake
  4434 | D        | Found Satoizom's Food Shoppe.
  4434 | D        | Found Xiquaffeox's Book Boutique.
  4434 | D        | Noticed a swamp dragon
  4435 | D        | Killed a swamp dragon
  4435 | D        | Reached XP level 12. HP: 51/51 MP: 32/32
  4438 | D        | Killed a swamp drake
  4445 | D        | Noticed a swamp dragon
  4445 | D        | Found Gitreed's Antique Weapon Emporium.
  4446 | D        | Killed a swamp dragon
  4446 | D        | Reached skill level 19 in Stealth
  4448 | D        | Killed a swamp dragon
  4458 | D        | Noticed a swamp dragon
  4459 | D        | Noticed a six-headed hydra
  4459 | D        | Noticed the 27-headed Lernaean hydra
  4460 | D        | Killed a swamp dragon
  4660 | D        | Killed the 27-headed Lernaean hydra
  4662 | D        | Killed a six-headed hydra
  4665 | D        | Got a decaying rune of Zot
  4728 | D        | Noticed an azure jelly
  4728 | D        | Noticed an azure jelly
  4729 | D        | Noticed an elephant
  4729 | D        | Noticed an elephant
  4729 | D        | Noticed a dire elephant
  4729 | D        | Noticed a dire elephant
  4729 | D        | Noticed Gastronok
  4731 | D        | Killed Gastronok
  4731 | D        | Reached skill level 20 in Stealth
  4732 | D        | Killed a dire elephant
  4732 | D        | Reached skill level 10 in Charms
  4734 | D        | Killed a dire elephant
  4739 | D        | Killed an elephant
  4743 | D        | Killed an elephant
  4835 | D        | Noticed an electric eel
  4836 | D        | Noticed an eight-headed hydra
  4836 | D        | Noticed an eight-headed hydra
  4837 | D        | Killed an electric eel
  4839 | D        | Killed an eight-headed hydra
  4840 | D        | Killed an eight-headed hydra
  4840 | D        | Reached XP level 13. HP: 55/55 MP: 25/34
  4851 | D        | Noticed a death drake
  4854 | D        | Killed a death drake
  4864 | D        | Found a blossoming altar of Fedhas.
  4864 | D        | Noticed a spriggan
  4864 | D        | Noticed a spriggan druid
  4864 | D        | Noticed a spriggan
  4866 | D        | Killed a spriggan
  4872 | D        | Killed a spriggan
  4874 | D        | Killed a spriggan druid
  4955 | D        | Noticed a black mamba
  4955 | D        | Noticed an anaconda
  4955 | D        | Noticed a water moccasin
  4955 | D        | Noticed an anaconda
  4956 | D        | Noticed a black mamba
  4957 | D        | Killed a black mamba
  5182 | D        | Noticed a black mamba
  5189 | D        | Killed an anaconda
  5189 | D        | Reached skill level 21 in Stealth
  5192 | D        | Killed a black mamba
  5219 | D        | Killed a water moccasin
  5428 | D        | Noticed a water moccasin
  5432 | D        | Killed a water moccasin
  5439 | D        | Noticed a naga
  5442 | D        | Killed a naga
  5445 | D        | Noticed a black mamba
  5447 | D        | Killed a black mamba
  5466 | D        | Noticed a naga
  5492 | D        | Noticed an anaconda
  5495 | D        | Killed a naga
  5499 | D        | Killed an anaconda
  5529 | D        | Killed an anaconda
  5593 | D        | Killed a black mamba
  5758 | D        | Noticed an anaconda
  5760 | D        | Killed an anaconda
  5768 | D        | Noticed a naga warrior
  5768 | D        | Noticed a greater naga
  5768 | D        | Found Kium's Distillery.
  5768 | D        | Found Epi Ren's Jewellery Shoppe.
  5768 | D        | Found Sucson's Antique Armour Boutique.
  5769 | D        | Killed a naga warrior
  5770 | D        | Killed a greater naga
  5782 | D        | Noticed a guardian serpent
  5785 | D        | Killed a guardian serpent
  5789 | D        | Got a serpentine rune of Zot
  5816 | D        | Killed a yaktaur
  5945 | D        | Found Bytadyfe's Magic Scroll Boutique.
  5945 | D        | Noticed an orc knight
  5945 | D        | Noticed an orc priest
  5945 | D        | Noticed an orc high priest
  5945 | D        | Noticed an orc warrior
  5945 | D        | Noticed an orc high priest
  5945 | D        | Noticed an orc priest
  5945 | D        | Noticed an orc warrior
  5945 | D        | Noticed an orc priest
  5947 | D        | Killed an orc warrior
  5961 | D        | Killed an orc warrior
  5965 | D        | Killed an orc priest
  5967 | D        | Killed an orc priest
  5982 | D        | Killed an orc high priest
  6003 | D        | Killed an orc knight
  6015 | D        | Killed an orc high priest
  6168 | D        | Killed an orc priest
  6230 | D        | Bought a scroll of identify for 24 gold pieces
  6230 | D        | Bought a scroll of enchant weapon for 90 gold pieces
  6230 | D        | Bought a scroll of enchant armour for 90 gold pieces
  6230 | D        | Bought a scroll of identify for 24 gold pieces
  6230 | D        | Bought a scroll of identify for 24 gold pieces
  6230 | D        | Bought a scroll of remove curse for 36 gold pieces
  6230 | D        | Bought a scroll of identify for 24 gold pieces
  6230 | D        | Bought a scroll of enchant weapon for 90 gold pieces
  6230 | D        | Bought a scroll of identify for 24 gold pieces
  6230 | D        | Bought a scroll of enchant weapon for 90 gold pieces
  6230 | D        | Bought a scroll of identify for 24 gold pieces
  6249 | D        | Learned a level 9 spell: Tornado
  6367 | D        | Bought a bloodstained robe for 114 gold pieces
  6377 | D        | Identified the cursed +1 robe of Ygaclecs {rF+ Dex-2 Slay+2} (You bought it in a shop in the Dungeon)
  6510 | D        | Noticed a deep elf summoner
  6510 | D        | Noticed a deep elf priest
  6510 | D        | Noticed a deep elf priest
  6510 | D        | Noticed a deep elf knight
  6510 | D        | Noticed a deep elf knight
  6519 | D        | Killed a deep elf knight
  6581 | D        | Killed a deep elf priest
  6588 | D        | Killed a deep elf priest
  6592 | D        | Killed a deep elf knight
  6592 | D        | Reached skill level 22 in Stealth
  6595 | D        | Killed a deep elf summoner
  6815 | D        | Noticed a deep elf annihilator
  6823 | D        | Noticed a deep elf annihilator
  6839 | D        | Killed Nessos
  7021 | D        | Killed an azure jelly
  7027 | D        | Killed an azure jelly
  7312 | D        | Killed an azure jelly
  7314 | D        | Killed an azure jelly
  7490 | D        | Noticed Harold
  7490 | D        | Noticed Joseph
  7492 | D        | Killed Harold
  7492 | D        | Reached XP level 14. HP: 59/59 MP: 32/37
  7493 | D        | Killed Joseph
  7516 | D        | Noticed an orc priest
  7516 | D        | Noticed an orc priest
  7517 | D        | Noticed an orc high priest
  7517 | D        | Noticed an orc high priest
  7518 | D        | Killed an orc priest
  7519 | D        | Killed an orc priest
  7521 | D        | Killed an orc high priest
  7522 | D        | Killed an orc high priest
  7601 | D        | Noticed a spriggan defender
  7602 | D        | Noticed a spriggan defender
  7602 | D        | Noticed a spriggan defender
  7602 | D        | Noticed a spriggan defender
  7603 | D        | Killed a spriggan defender
  7604 | D        | Killed a spriggan defender
  7606 | D        | Killed a spriggan defender
  7607 | D        | Killed a spriggan defender
  7693 | D        | Noticed a slime creature
  7696 | D        | Killed a slime creature
  7700 | D        | Noticed a slime creature
  7706 | D        | Killed a slime creature
  7766 | D        | Noticed a brown ugly thing
  7768 | D        | Killed a brown ugly thing
  7768 | D        | Reached skill level 23 in Stealth
  7782 | D        | Noticed a centaur warrior
  7784 | D        | Killed a centaur warrior
  7793 | D        | Noticed an elephant
  7795 | D        | Killed an elephant
  7807 | D        | Noticed a fire dragon
  7809 | D        | Killed a fire dragon
  7809 | D        | Reached skill level 10 in Ice Magic
  7822 | D        | Noticed a war axe of holy wrath
  7822 | D        | Noticed a dire flail of protection
  7823 | D        | Noticed a mace of protection
  7823 | D        | Noticed a glaive of pain
  7824 | D        | Killed a dire flail of protection
  7825 | D        | Killed a war axe of holy wrath
  7827 | D        | Killed a glaive of pain
  7829 | D        | Killed a mace of protection
  7866 | D        | Noticed a yaktaur captain
  7866 | D        | Noticed a green ugly thing
  7867 | D        | Noticed a slime creature
  7867 | D        | Noticed a sea snake
  7868 | D        | Killed a green ugly thing
  7870 | D        | Killed a sea snake
  7872 | D        | Killed a slime creature
  7888 | D        | Noticed a slime creature
  7903 | D        | Killed a slime creature
  7924 | D        | Killed a yaktaur captain
  8106 | D        | Noticed Chuck
  8106 | D        | Noticed a manticore
  8111 | D        | Killed a manticore
  8126 | D        | Killed Chuck
  8126 | D        | Reached skill level 10 in Air Magic
  8161 | D        | Noticed Norris
  8164 | D        | Killed Norris
  8164 | D        | Reached skill level 24 in Stealth
  8272 | D        | Noticed a lich
  8275 | D        | Killed a lich
  8343 | D        | Noticed a skeletal warrior
  8344 | D        | Noticed an iron golem
  8345 | D        | Killed a skeletal warrior
  8346 | D        | Killed an iron golem
  8369 | D        | Noticed a necromancer
  8371 | D        | Killed a necromancer
  8381 | D        | Noticed a hell knight
  8381 | D        | Noticed a hell knight
  8382 | D        | Noticed a hell knight
  8382 | D        | Noticed a hell knight
  8383 | D        | Killed a hell knight
  8389 | D        | Killed a hell knight
  8393 | D        | Killed a hell knight
  8396 | D        | Killed a hell knight
  8514 | D        | Noticed a lich
  8516 | D        | Killed a lich
  8541 | D        | Noticed a sphinx
  8541 | D        | Noticed a sphinx
  8542 | D        | Noticed a mummy priest
  8542 | D        | Noticed a guardian mummy
  8543 | D        | Killed a sphinx
  8543 | D        | Reached skill level 15 in Hexes
  8544 | D        | Killed a sphinx
  8546 | D        | Killed a mummy priest
  8548 | D        | Killed a guardian mummy
  8782 | D        | Noticed a guardian mummy
  8782 | D        | Noticed a guardian mummy
  8784 | D        | Killed a guardian mummy
  8784 | D        | Reached skill level 10 in Summonings
  8785 | D        | Killed a guardian mummy
  8898 | D        | Noticed a mummy priest
  8900 | D        | Killed a mummy priest
  8900 | D        | Reached skill level 25 in Stealth
  8900 | D        | Reached XP level 15. HP: 61/61 MP: 35/40
  9357 | D        | Bought a potion of heal wounds for 50 gold pieces
  9357 | D        | Bought a potion of brilliance for 40 gold pieces
  9357 | D        | Bought a potion of curing for 30 gold pieces
  9357 | D        | Bought a potion of heal wounds for 50 gold pieces
  9464 | D        | Noticed a yaktaur
  9734 | D        | Noticed a guardian mummy
  9736 | D        | Killed a guardian mummy
  9758 | D        | Noticed a guardian mummy
  9760 | D        | Killed a guardian mummy
  9793 | D        | Noticed a guardian mummy
  9793 | D        | Noticed a guardian mummy
  9793 | D        | Noticed a mummy priest
  9793 | D        | Noticed a guardian mummy
  9793 | D        | Noticed a guardian mummy
  9793 | D        | Noticed a mummy priest
  9793 | D        | Noticed a greater mummy
  9793 | D        | Noticed a guardian mummy
  9793 | D        | Noticed a guardian mummy
  9793 | D        | Noticed a mummy priest
  9793 | D        | Noticed a greater mummy
  9793 | D        | Noticed a guardian mummy
  9793 | D        | Noticed a guardian mummy
  9793 | D        | Noticed a mummy priest
  9794 | D        | Killed a guardian mummy
  9798 | D        | Killed a guardian mummy
  9800 | D        | Killed a guardian mummy
  9827 | D        | Killed a mummy priest
  9958 | D        | Killed a guardian mummy
  9965 | D        | Killed a mummy priest
  9970 | D        | Killed a mummy priest
  9970 | D        | Reached skill level 15 in Charms
  9977 | D        | Paralysed by the power of Zot for 2 turns
  9979 | D        | Slain by a blue devil

Vault maps used:
D:        dungeon_sprint_mu

Action                   |  1- 3 |  4- 6 |  7- 9 | 10-12 | 13-15 || total
-------------------------+-------+-------+-------+-------+-------++-------
Melee: Dagger            |    21 |     6 |    41 |   193 |    52 ||   313
       Rapier            |       |       |       |       |    91 ||    91
       Quick blade       |       |       |       |       |    56 ||    56
Throw: Throwing net      |       |       |       |     4 |       ||     4
 Cast: Ensorcelled Hiber |     2 |       |    38 |    32 |    52 ||   124
       Corona            |     2 |       |       |       |       ||     2
       Dazzling Spray    |       |       |     6 |    41 |    44 ||    91
       Confuse           |       |       |       |    11 |    20 ||    31
       Airstrike         |       |       |       |     2 |    18 ||    20
       Invisibility      |       |       |       |     2 |     2 ||     4
       Deflect Missiles  |       |       |       |     1 |       ||     1
       Summon Lightning  |       |       |       |     1 |       ||     1
Invok: Shadow Step       |       |       |     1 |    10 |    28 ||    39
  Use: Potion            |     5 |       |       |       |     3 ||     8
       Scroll            |     1 |       |       |       |    12 ||    13
 Stab: Sleeping          |     6 |     6 |    34 |    40 |    73 ||   159
       Invisible         |       |       |       |     8 |     5 ||    13
       Confused          |       |       |       |     2 |     5 ||     7
       Held in net/web   |       |       |       |     1 |     1 ||     2
  Eat: Bread ration      |       |       |       |     1 |       ||     1
       Fruit             |       |       |       |       |     9 ||     9
